 Dungeon Crawl Stone Soup version 0.18.1-8-gdd0e5ea (webtiles) character file.

308 sugabear the Ducker (level 6, -3/32 HPs)
             Began as a Vine Stalker Gladiator on May 30, 2016.
             Was an Initiate of Elyvilon.
             Slain by harwe's ghost (4 damage)
             ... on level 4 of the Dungeon.
             The game lasted 00:05:21 (3872 turns).

sugabear the Ducker (Vine Stalker Gladiator)        Turns: 3872, Time: 00:05:22

Health: -3/32      AC:  4    Str: 16 (18) XL:     6   Next: 40%
Magic:  0/7        EV: 13    Int:  7 (8)  God:    Elyvilon [......]
Gold:   129        SH:  0    Dex: 15 (16) Spells: 0 memorised, 5 levels left

rFire  . . .     SeeInvis .     a - +0 trident
rCold  . . .     Gourm    .     b - +0 leather armour
rNeg   . . .     Faith    .     (no shield)
rPois  .         Spirit   +     c - +0 helmet
rElec  .         Dismiss  .     (no cloak)
rCorr  .         Reflect  .     (no gloves)
SustAt .         Harm     .     (no boots)
MR     .....                    (no amulet)
Stlth  ++........               (no ring)
                                (no ring)

@: lethally poisoned (-3 -> -4), not resistant to hostile enchantments,
unstealthy
A: fangs 2, regeneration 2, magic shield, antimagic bite, no device heal 3, rot
immunity
a: Renounce Religion


You were on level 4 of the Dungeon.
You worshipped Elyvilon.
Elyvilon was noncommittal.
You were hungry.

You visited 2 branches of the dungeon, and saw 5 of its levels.

You collected 129 gold pieces.

Inventory:

Hand Weapons
 a - a +0 trident (weapon)
 q - a +1 hand axe of freezing
Missiles
 d - 3 throwing nets (quivered)
Armour
 b - a +0 leather armour (worn)
 c - a +0 helmet (worn)
Jewellery
 l - an uncursed ring of positive energy {unknown}
 o - an uncursed ring of protection from magic {unknown}
Scrolls
 h - a scroll of recharging {unknown}
 i - 4 scrolls of identify {unknown}
 j - 6 scrolls of remove curse {unknown}
 k - 2 scrolls of enchant weapon {unknown}
 s - a scroll of magic mapping {unknown}
Potions
 e - a potion of degeneration
 n - 2 potions of brilliance {unknown}
 p - a potion of haste {unknown}
 r - a potion of curing {unknown}
Comestibles
 f - 2 bread rations
 g - 3 meat rations
 m - a beef jerky
 t - a slice of pizza


   Skills:
 + Level 2.6 Fighting
 + Level 3.8 Polearms
 + Level 1.9 Throwing
 + Level 1.7 Armour
 + Level 4.0 Dodging
 + Level 2.1 Stealth
 * Level 0.4 Invocations


You had 5 spell levels left.
You didn't know any spells.

Dungeon Overview and Level Annotations

Branches:
Dungeon (4/15)             Temple (1/1) D:4

Altars:
Ashenzari
Dithmenos
Elyvilon
Fedhas
Gozag
Kikubaaqudgha
Nemelex Xobeh
Okawaru
Pakellas
Qazlal
Ru
Sif Muna
Yredelemnul
Zin
The Shining One

Annotations:
D:4 harwe's ghost, amateur DrAs


Innate Abilities, Weirdness & Mutations

You have extremely sharp teeth.
You heal very quickly.
When hurt, damage is shared between your health and your magic reserves.
Your bite disrupts and absorbs the magic of your enemies.
Potions and wands cannot restore your health.
You are immune to rotting.


Message History

You hit the worker ant.
The worker ant is severely wounded.
You feel sick.
Harwe's ghost hits you but does no damage.
The worker ant bites you but does no damage.
Unknown command.
You hit the worker ant.
You kill the worker ant!
Your Dodging skill increases to level 4!
You feel sick. Harwe's ghost completely misses you.
Unknown command.
You feel sick. Harwe's ghost hits you.
* * * LOW HITPOINT WARNING * * *
Drink which item? (? for menu, Esc to quit)
It was a potion of degeneration.
There was something very wrong with that liquid.
You feel weakened.
You feel dopey.
You feel clumsy.
* * * LOW HITPOINT WARNING * * *
You feel sick. Harwe's ghost hits you.
You die...

#.# #.# #.#
#.# #.#
#.#.#######.#
#...........#
.....##
#######.#####
......## #@#
.......###
#W# ?......'.
#Z# .......#
#.# ......#
#.# .....#
####.# #...#
#....# ##'##
#.#### #.#
#.#


You could see harwe's ghost and an adder skeleton.

Vanquished Creatures
  3 orc wizards
  A worker ant (D:4)
  7 adders
  An ooze (D:3)
  4 worms
  A dart slug (D:1)
  9 giant geckos
  11 orcs
  11 bats
  A giant cockroach (D:1)
  8 goblins
  4 hobgoblins
  2 jackals (D:3)
  A quokka (D:3)
  A ball python (D:1)
  3 giant newts
  9 kobolds
  46 rats
123 creatures vanquished.

Notes
Turn   | Place    | Note
--------------------------------------------------------------
     0 | D:1      | sugabear the Vine Stalker Gladiator began the quest for the Orb.
     0 | D:1      | Reached XP level 1. HP: 11/11 MP: 2/2
   262 | D:1      | Reached XP level 2. HP: 6/15 MP: 1/3
   485 | D:1      | Found a shattered altar of Ashenzari.
   525 | D:1      | Reached XP level 3. HP: 15/18 MP: 2/4
  1144 | D:2      | Reached skill level 3 in Dodging
  1558 | D:2      | Reached XP level 4. HP: 18/23 MP: 3/5
  1588 | D:2      | Found a shadowy altar of Dithmenos.
  1588 | D:2      | Found a glowing golden altar of the Shining One.
  2264 | D:3      | Reached skill level 1 in Armour
  2296 | D:3      | Reached XP level 5. HP: 27/27 MP: 6/6
  2311 | D:3      | Found a glowing silver altar of Zin.
  2362 | D:3      | Reached skill level 1 in Stealth
  2705 | D:3      | Gained mutation: You heal very quickly. [Vine Stalker growth]
  2705 | D:3      | Reached XP level 6. HP: 17/32 MP: 7/7
  2924 | D:3      | Found a sparkling altar of Nemelex Xobeh.
  2930 | D:3      | Found a sacrificial altar of Ru.
  3669 | D:3      | Found a white marble altar of Elyvilon.
  3682 | D:3      | Became a worshipper of Elyvilon the Healer
  3698 | D:4      | Found a staircase to the Ecumenical Temple.
  3767 | Temple   | Entered the Ecumenical Temple
  3813 | D:4      | Noticed harwe's ghost (amateur DrAs)
  3870 | D:4      | Reached skill level 4 in Dodging
  3872 | D:4      | HP: 1/32 [poisoned by a worker ant]
  3872 | D:4      | Slain by harwe's ghost

Skill      XL: |  1  2  3  4  5  6 |
---------------+-------------------+-----
Polearms       | 3 |  3.8
Dodging        | 3 4 |  4.0
Fighting       | 2 |  2.6
Armour         | 1 |  1.7
Stealth        | 1 2 |  2.1
Throwing       | |  1.9
Invocations    | |  0.4

Action                   |  1- 3 |  4- 6 || total
-------------------------+-------+-------++-------
Melee: Trident           |    87 |   268 ||   355
       Bite              |    10 |    50 ||    60
  Use: Potion            |       |     1 ||     1
 Stab: Sleeping          |       |     8 ||     8
       Distracted        |       |     3 ||     3
  Eat: Chunk             |     2 |     7 ||     9
Armor: Leather armour    |    17 |    47 ||    64
Dodge: Dodged            |    46 |   147 ||   193
